 Dungeon Crawl Stone Soup version 0.19.0-26-g9e9c210 (webtiles) character file.

63 pichaelthompson the Cudgeler (level 3, 0/28 HPs)
             Began as a Demonspawn Gladiator on Nov 24, 2016.
             Slain by an adder (1 damage)
             ... on level 3 of the Dungeon.
             The game lasted 00:07:05 (1742 turns).

pichaelthompson the Cudgeler (Demonspawn Gladiator) Turns: 1742, Time: 00:07:06

Health: 0/28       AC:  5    Str: 16    XL:     3   Next: 89%
Magic:  3/3        EV: 12    Int:  9    God:
Gold:   193        SH:  0    Dex: 13    Spells: 0 memorised, 2 levels left

rFire  . . .     SeeInvis .     i - +2 mace (drain)
rCold  . . .     Gourm    .     j - +0 ring mail
rNeg   . . .     Faith    .     (no shield)
rPois  .         Spirit   .     (helmet restricted)
rElec  .         Reflect  .     (no cloak)
rCorr  .         Harm     .     (no gloves)
MR     .....                    (no boots)
Stlth  +.........               (no amulet)
                                (no ring)
                                (no ring)

@: no status effects
A: claws 1, horns 1
a: no special abilities


You were on level 3 of the Dungeon.
You were hungry.

You visited 1 branch of the dungeon, and saw 3 of its levels.

You collected 193 gold pieces.

Inventory:

Hand Weapons
 i - a +2 mace of draining (weapon)
Missiles
 d - 3 throwing nets (quivered)
Armour
 j - a +0 ring mail (worn)
Scrolls
 a - 4 scrolls of identify {unknown}
 b - 3 scrolls of recharging {unknown}
 e - a scroll of remove curse {unknown}
 n - a scroll of fear {unknown}
 p - 2 scrolls of immolation {unknown}
 r - a scroll of amnesia {unknown}
Potions
 c - 3 potions of resistance {unknown}
 g - a potion of haste {unknown}
 h - 2 potions of curing {unknown}
 k - a potion of lignification {unknown}
 l - a potion of heal wounds {unknown}
 m - a potion of degeneration {unknown}
 s - a potion of invisibility
Comestibles
 f - 2 bread rations
 o - 2 fruits
 q - a beef jerky


   Skills:
 + Level 2.6 Fighting
 + Level 3.2 Maces & Flails
 - Level 1.9 Throwing
 + Level 1.5 Armour
 + Level 3.0 Dodging


You had 2 spell levels left.
You didn't know any spells.

Dungeon Overview and Level Annotations

Branches:
Dungeon (3/15)

Altars:
Fedhas
The Shining One


Innate Abilities, Weirdness & Mutations

You have sharp fingernails.
You have a pair of small horns on your head.


Message History

You barely miss the orc priest. The orc hits you but does no damage.
The centaur skeleton barely misses you. The orc hits you with a falchion.
The orc priest hits you with a flail. The orc closely misses you.
The centaur skeleton misses you.
You closely miss the orc priest. The orc closely misses you.
The centaur skeleton hits you but does no damage.
The orc priest barely misses you. The orc barely misses you.
The adder misses you.
You hit the orc priest. You drain the orc priest!
The orc priest is severely wounded.
The centaur skeleton barely misses you. The orc barely misses you.
The adder bites you. The orc hits you.
The orc priest mumbles some strange prayers to Beogh against you.
Pain shoots through your body!
* * * LOW HITPOINT WARNING * * *
The centaur skeleton barely misses you.
You sock the centaur skeleton! You headbutt the centaur skeleton.
The centaur skeleton is moderately damaged.
The adder bites you.
You die...

.# ##
#######.####..
##.............
####.............#
..................
#...............
#......S........
#....†.Z@o......
#.>.....oo......
#...............
...#..............
.# #......#.......
#........##...#
........### .##.
#..<....# #


You could see an orc priest, an adder, 2 orcs and a centaur skeleton.

Vanquished Creatures
  An adder (D:2)
  An ooze (D:2)
  2 worms (D:2)
  A dart slug (D:2)
  3 bats
  2 giant cockroaches
  3 goblins
  5 hobgoblins
  3 jackals (D:2)
  6 kobolds
  2 quokkas (D:2)
  6 frilled lizards
  6 rats
41 creatures vanquished.

Notes
Turn   | Place    | Note
-------+----------+-------------------------------------------
     0 | D:1      | pichaelthompson the Demonspawn Gladiator began the quest for the Orb.
     0 | D:1      | Reached XP level 1. HP: 16/16 MP: 1/1
   137 | D:1      | Gained mutation: You have a pair of small horns on your head. [demonic ancestry]
   137 | D:1      | Reached XP level 2. HP: 20/22 MP: 2/2
   576 | D:1      | Found a glowing golden altar of the Shining One.
   922 | D:2      | Gained mutation: You have sharp fingernails. [demonic ancestry]
   922 | D:2      | Reached XP level 3. HP: 16/28 MP: 3/3
   925 | D:2      | Reached skill level 1 in Armour
  1379 | D:2      | Found a blossoming altar of Fedhas.
  1741 | D:3      | HP: 1/28 [orc priest/nerve-wracking pain (9)]
  1742 | D:3      | Slain by an adder

Skill      XL: |  1  2  3 |
---------------+----------+-----
Maces & Flails | 3 |  3.2
Armour         | 1 |  1.5
Dodging        | 3 |  3.0
Fighting       | |  2.6
Throwing       | |  1.9

Action                   || total
-------------------------++-------
Melee: Flail             ||    12
       Mace              ||    79
       Headbutt          ||    12
  Eat: Chunk             ||     2
Armor: Leather armour    ||     9
       Ring mail         ||    38
Dodge: Dodged            ||    98
